cohdb
Replays
Latest Replays
All Replays
Popular Replays
Top Player Replays
Match Explorer
How It Works
Community
CoH3 Stats
Reddit
Sign in to upload your games and track your stats! →
Sign in with Steam
Match 41555939
Unlisted
Match 41555939
Overview
Messages
Build Orders
End
Construct Infanterie Kompanie
Selects Italian Coastal Battlegroup
Selects Coastal Reserves
Coastal Reserve
MG 42 Machine Gun Team
Coastal Reserve
Coastal Reserve
Construct Panzergrenadier Kompanie
Medical Bunker
251 Medium Carrier
251 Medium Carrier
Selects Support Bunkers
Pioneer Squad
Support Elements
Pak 40 Anti-tank Gun Team
Selects Artillery Officer
Nebelwerfer 42 Rocket Launcher Team
StuG III G Assault Gun
Pioneer Squad
Selects Obice da 210/22 Artillery Emplacement
Selects Designated Artillery Overwatch
Designated Artillery Overwatch
Pioneer Squad
Construct Panzer Kompanie
Medical Bunker
仙台葉月@宮城のけち
Hauptmann
Mr.Faraam
padak@@@
badger2
[DeanOfBao]hokkskyc
Monseigneur
spinn72
0
0
Comments
sign in to comment!
No comments posted yet!